 Dungeon Crawl Stone Soup version 0.28-a0-1389-gc726bef (webtiles) character file.

Game seed: 14897206168588055927

8449 Illumine the Grappler (level 11, -7/107 HPs)
             Began as a Troll Monk on Jan 3, 2022.
             Was a Priest of Ru.
             Mangled by a large abomination (27 damage)
             ... on level 1 of the Abyss.
             The game lasted 00:17:47 (10074 turns).

Illumine the Grappler (Troll Monk)                 Turns: 10074, Time: 00:17:47

Health: -7/107     AC:  5    Str: 29    XL:     11   Next: 10%
Magic:  10/10      EV: 12    Int: 12    God:    Ru [***...]
Gold:   218        SH:  0    Dex: 12    Spells: 10/10 levels left

rFire   + . .      SeeInvis .     - Unarmed
rCold   + . .      Faith    .   (shield unavailable)
rNeg    . . .      Spirit   .   F - +1 robe of Apathy {rF+ rC+ Str+4}
rPois   .          Reflect  .   (helmet restricted)
rElec   .          Harm     .   G - scarf {repulsion}
rCorr   .          Rampage  .   (gloves unavailable)
Will    .....                   (boots unavailable)
Stlth   ++........              (no amulet)
HPRegen 1.07/turn               (ring unavailable)
MPRegen 0.12/turn               y - +6 ring of intelligence

@: repel missiles
A: large, unfitting armour, claws 3, regeneration 1, shaggy fur 1, tough skin 1,
missing a hand
a: Renounce Religion, Draw Out Power


You were on level 1 of the Abyss.
You worshipped Ru.
Ru was most pleased with you.
You visited 2 branches of the dungeon, and saw 11 of its levels.
You visited the Abyss 1 time.
You also visited: Sewer and Ossuary.

You collected 587 gold pieces.
You spent 369 gold pieces at shops.

Inventory:

Missiles
 i - 14 boomerangs (quivered)
 z - 23 poisoned darts
 D - 2 atropa-tipped darts
Armour
 F - the +1 robe of Apathy (worn) {rF+ rC+ Str+4}
   (You bought it in a shop on level 7 of the Dungeon)

   Str:       It affects your strength (+4).
   rF:        It protects you from fire.
   rC:        It protects you from cold.
 G - a scarf of repulsion (worn)
Magical Staves
 x - a staff of fire
Jewellery
 y - a +6 ring of intelligence (right claw)
 C - a ring of protection from fire
 K - a ring of ice
Wands
 c - a wand of polymorph (1)
 n - a wand of flame (54)
 w - a wand of digging (17)
Scrolls
 b - 6 scrolls of fog
 e - 3 scrolls of immolation
 f - 2 scrolls of amnesia
 h - 2 scrolls of magic mapping
 l - a scroll of blinking {unknown}
 o - 2 scrolls of torment
 q - 2 scrolls of enchant armour
 r - 2 scrolls of enchant weapon {unknown}
 v - a scroll of fear
 A - 2 scrolls of vulnerability {unknown}
 I - a scroll of identify
Potions
 a - a potion of magic {unknown}
 d - 4 potions of attraction
 g - 3 potions of brilliance {unknown}
 j - 10 potions of curing
 k - 5 potions of haste
 m - 3 potions of ambrosia {unknown}
 p - 5 potions of mutation {unknown}
 s - 3 potions of cancellation {unknown}
 t - a potion of resistance {unknown}
 B - 2 potions of might {unknown}
 E - 3 potions of heal wounds {unknown}
 J - a potion of lignification {unknown}


   Skills:
 + Level 6.8 Fighting
 + Level 7.0 Throwing
 + Level 6.8 Dodging
 - Level 1.0 Stealth
 * Level 11.6 Unarmed Combat


You had 10 spell levels left.
You didn't know any spells.
Your spell library contained the following spells:

 Spells                   Type           Power      Damage    Failure   Level
 Sandblast                Erth           0%         2d4       32%         1
 Passwall                 Tmut/Erth      0%         N/A       45%         2
 Gell's Gravitas          Tloc           0%         N/A       69%         3
 Lesser Beckoning         Tloc           0%         N/A       69%         3
 Stone Arrow              Conj/Erth      0%         3d7       69%         3
 Teleport Other           Tloc           0%         N/A       69%         3
 Passage of Golubria      Tloc           0%         N/A       97%         4
 Silence                  Hex/Air        0%         N/A       100%        5
 Lehudib's Crystal Spear  Conj/Erth      0%         10d2      100%        8


Dungeon Overview and Level Annotations

Branches:
Dungeon (10/15)            Temple (1/1) D:6            Lair (0/6) D:10
  Sewer (visited)         Ossuary (visited)
    Orc: D:9-12

Altars:
Ashenzari
Cheibriados
Elyvilon
Fedhas
Gozag
Hepliaklqana
Kikubaaqudgha
Makhleb
Nemelex Xobeh
Okawaru
Qazlal
Ru
Sif Muna
Trog
Uskayaw
Vehumet
Wu Jian
Xom
Yredelemnul
Zin
The Shining One

Shops:
D:7 [

Annotations:
D:10 Grum, Psyche


Innate Abilities, Weirdness & Mutations

You are too large for most types of armour.
You have claws for hands.
Your natural rate of healing is unusually fast.
You are covered in fur. (AC +1)
You have tough skin. (AC +1)
You are missing a hand.


Message History

The tentacled starspawn is moderately damaged.
A tentacle flies out from the starspawn's body!
A starspawn tentacle comes into view.
You claw the tentacled starspawn!
The tentacled starspawn is heavily damaged.
The tentacled starspawn bites you!
The tentacled starspawn tentacle-slaps you.
You claw the tentacled starspawn!
The tentacled starspawn is heavily damaged.
The tentacled starspawn barely misses you. x2
You barely miss the tentacled starspawn.
The tentacled starspawn is heavily damaged.
You claw the tentacled starspawn!
The tentacled starspawn is severely damaged.
The tentacled starspawn bites you but does no damage.
The tentacled starspawn barely misses you.
You barely miss the tentacled starspawn.
The tentacled starspawn is severely damaged.
The tentacled starspawn bites you!!
* * * LOW HITPOINT WARNING * * *
The tentacled starspawn closely misses you.
You claw the tentacled starspawn!
The tentacled starspawn is almost destroyed.
The tentacled starspawn bites you.
* * * LOW HITPOINT WARNING * * *
The tentacled starspawn tentacle-slaps you.
* * * LOW HITPOINT WARNING * * *
You mangle the tentacled starspawn!!
You destroy the tentacled starspawn!
The starspawn's tentacles wither and die.
Your life force feels restored.
Your Throwing skill increases to level 7!
You have reached level 11!
You start resting.
The substance of the Abyss twists violently, and a gateway leading out appears!
A large abomination comes into view.
A starcursed mass comes into view.
You claw the large abomination!
The large abomination is moderately damaged.
The large abomination hits you!!
You die...

###### #.§@.# .
######X# ..
####.wX─..#
.... .# .##..
.......##.##...
.........#.
.#.X ##.#...#
##.##.# #.. ..
.. .# #...#.. #


You could see a starcursed mass and a large abomination.

Vanquished Creatures
  A tentacled starspawn (Abyss:1)
  Harold (D:8)
  A two-headed ogre (D:9)
  A soul eater (Abyss:1)
  A gargoyle (D:6)
  A vampire (D:9)
  A wraith (D:8)
  A black mamba skeleton (Abyss:1)
  3 steam dragons
  A water moccasin (D:6)
  2 orc warriors
  3 ice beasts (D:7)
  A sky beast (D:8)
  A necrophage (D:10)
  An ogre (D:5)
  A black bear (D:5)
  7 centaurs
  A phantom (D:5)
  4 kobold brigands
  2 small abominations (Abyss:1)
  3 bullfrogs
  3 scorpions
  A wyvern zombie (D:6)
  A water moccasin zombie (D:5)
  6 killer bees
  4 wights (D:8)
  3 centaur zombies
  2 centaur skeletons
  3 hounds
  A human zombie (Ossuary)
  A bullfrog skeleton (D:6)
  A jelly (D:5)
  3 orc priests
  2 gnoll shamans
  4 iguanas
  9 orc wizards
  A killer bee zombie (D:7)
  2 hound zombies (D:5)
  A hound skeleton (D:5)
  4 mummies (Ossuary)
  2 howler monkey zombies
  A howler monkey skeleton (D:6)
  6 adders
  21 gnolls
  4 river rats
  3 white imps
  2 ufetubi (D:5)
  5 worms
  6 dart slugs
  14 orcs
  7 bats
  4 endoplasms
  6 goblins
  7 hobgoblins
  28 kobolds
  A quokka (D:2)
  22 ball pythons
  6 frilled lizards
  3 gnoll zombies (Ossuary)
  A hobgoblin zombie (Ossuary)
  A jackal zombie (D:6)
  A kobold zombie (Ossuary)
  An orc zombie (Ossuary)
  31 rats
  2 rat zombies (D:6)
  A lurking horror (Abyss:1)
276 creatures vanquished.

Vanquished Creatures (others)
  4 starspawn tentacles (Abyss:1)
4 creatures vanquished.

Grand Total: 280 creatures vanquished

Notes
Turn   | Place    | Note
-------+----------+-------------------------------------------
     0 | D:1      | Illumine the Troll Monk began the quest for the Orb.
     0 | D:1      | Reached XP level 1. HP: 22/22 MP: 0/0
   184 | D:1      | Reached XP level 2. HP: 29/29 MP: 1/1
   634 | D:1      | Found a faded altar of an unknown god.
  1036 | D:1      | Reached skill level 4 in Unarmed Combat
  1258 | D:2      | Reached XP level 3. HP: 36/36 MP: 2/2
  1514 | D:2      | Reached skill level 1 in Throwing
  2058 | D:3      | Reached XP level 4. HP: 44/44 MP: 3/3
  2209 | D:3      | Reached skill level 5 in Unarmed Combat
  2209 | D:3      | Reached XP level 5. HP: 48/50 MP: 4/4
  2217 | D:3      | Found a glowing drain.
  2458 | Sewer    | Entered a sewer
  2720 | Sewer    | Reached XP level 6. HP: 53/61 MP: 5/5
  3085 | D:4      | Reached skill level 6 in Unarmed Combat
  3411 | D:4      | Reached XP level 7. HP: 67/67 MP: 6/6
  3628 | D:5      | Entered Level 5 of the Dungeon
  4214 | D:5      | Reached skill level 7 in Unarmed Combat
  4227 | D:5      | Reached XP level 8. HP: 78/78 MP: 7/7
  4490 | D:5      | Reached skill level 8 in Unarmed Combat
  4506 | D:5      | Identified the +3 scale mail of the Cuttlefish {rElec rC+
                  | rN+}
  4736 | D:6      | Found a sand-covered staircase.
  4763 | Ossuary  | Entered an ossuary
  4913 | Ossuary  | Reached XP level 9. HP: 82/85 MP: 8/8
  5011 | D:6      | Found a white marble altar of Elyvilon.
  5282 | D:6      | Noticed a gargoyle
  5360 | D:7      | Reached skill level 5 in Dodging
  5434 | D:6      | Reached skill level 5 in Fighting
  5694 | D:7      | Found a stormy altar of Qazlal.
  5895 | D:7      | Reached skill level 5 in Throwing
  5895 | D:7      | Reached skill level 9 in Unarmed Combat
  6010 | D:7      | Found Efest's Antique Armour Shop.
  6017 | D:7      | Bought a silken robe for 153 gold pieces
  6017 | D:7      | Identified the +1 robe of Apathy {rF+ rC+ Str+4} (You
                  | bought it in a shop on level 7 of the Dungeon)
  6506 | D:6      | Killed a gargoyle
  6583 | D:6      | Found a staircase to the Ecumenical Temple.
  6688 | Temple   | Entered the Ecumenical Temple
  7699 | D:8      | Reached skill level 10 in Unarmed Combat
  7727 | D:8      | Reached XP level 10. HP: 98/98 MP: 9/9
  8247 | D:7      | Bought a runed scarf for 216 gold pieces
  8267 | D:8      | Noticed Harold
  8280 | D:8      | Killed Harold
  8968 | D:9      | Noticed a two-headed ogre
  8975 | D:9      | Killed a two-headed ogre
  9422 | D:10     | Entered Level 10 of the Dungeon
  9433 | D:10     | Reached skill level 11 in Unarmed Combat
  9526 | D:10     | Noticed Grum
  9535 | D:10     | Found an ornate altar of the Wu Jian Council.
  9535 | D:10     | Found a burning altar of Makhleb.
  9535 | D:10     | Found a snail-covered altar of Cheibriados.
  9535 | D:10     | Found a bloodstained altar of Trog.
  9535 | D:10     | Found a blossoming altar of Fedhas.
  9535 | D:10     | Found a sparkling altar of Nemelex Xobeh.
  9535 | D:10     | Found a shimmering blue altar of Sif Muna.
  9535 | D:10     | Found a hazy altar of Hepliaklqana.
  9535 | D:10     | Found a sacrificial altar of Ru.
  9551 | D:10     | Became a worshipper of Ru the Awakened
  9553 | D:10     | Gained mutation: You are missing a hand. [Ru sacrifice]
  9553 | D:10     | Reached * piety under Ru
  9553 | D:10     | Reached ** piety under Ru
  9553 | D:10     | Reached *** piety under Ru
  9579 | D:10     | Noticed Psyche
  9594 | D:10     | Cast into level 1 of the Abyss (Psyche)
  9594 | Abyss:1  | Found a corrupted altar of Lugonu.
  9636 | Abyss:1  | Noticed a soul eater
  9669 | Abyss:1  | Killed a soul eater
  9692 | Abyss:1  | Noticed a starcursed mass
  9793 | Abyss:1  | Noticed a thrashing horror
  9907 | Abyss:1  | Noticed a starcursed mass
  9931 | Abyss:1  | Noticed a bone dragon
  9933 | Abyss:1  | Noticed a lich
 10049 | Abyss:1  | Noticed a tentacled starspawn
 10071 | Abyss:1  | Killed a tentacled starspawn
 10072 | Abyss:1  | Reached XP level 11. HP: 17/107 MP: 10/10
 10072 | Abyss:1  | Noticed a large abomination
 10072 | Abyss:1  | Noticed a starcursed mass
 10074 | Abyss:1  | Mangled by a large abomination

Illustrated notes

Levels and vault maps discovered:
D:1:      lemuel_arrival_hallway, layout_basic,
          dreamdust_ecumenical_altar_hidden_monk_grotto, amethyst_killhole
D:2:      layout_loops_cross
D:3:      layout_basic, portal_sewer_entry_b
D:4:      layout_cave_pods
D:5:      kennysheep_windowed_halls, layout_basic
D:6:      layout_loops_cross, overflow_temple_1_default,
          minmay_temple_entry_nine_rooms, enter_ossuary_3
D:7:      layout_loops_corners, nicolae_overflow_crystal_walls, serial_shops,
          shop
D:8:      layout_basic, uniq_harold
D:9:      layout_long_grid, minivault_16
D:10:     layout_layer_cave, mainiacjoe_overflow_cross_hatched,
          nicolae_overflows_in_rows, erik_lair_island, serial_undead,
          serial_undead_d, serial_undead_d, serial_undead_e, serial_undead_e,
          serial_bayou_pond_e, uniq_grum, uniq_psyche
Temple:   jpeg_temple_alley_garden
Abyss:1:  base:
D:2

Skill      XL: |  1  2  3  4  5  6  7  8  9 10 |
---------------+-------------------------------+-----
Unarmed Combat | 4 5 6 7 8 10 11 | 11.6
Throwing       | 1 2 3 4 5 7 |  7.0
Dodging        | 3 4 5 6 |  6.8
Fighting       | 3 4 5 6 |  6.8
Stealth        | |  1.0

Action                   |  1- 3 |  4- 6 |  7- 9 | 10-12 || total
-------------------------+-------+-------+-------+-------++-------
Melee: Unarmed           |   115 |   190 |   331 |   175 ||   811
       Punch             |     1 |     3 |    16 |     7 ||    27
Throw: Dart              |       |       |     4 |     5 ||     9
       Throwing net      |       |       |       |     5 ||     5
Invok: Sacrifice a Hand  |       |       |       |     1 ||     1
Evoke: Wand              |       |       |     1 |       ||     1
  Use: Scroll            |       |       |    10 |     7 ||    17
 Stab: Sleeping          |     6 |       |     5 |       ||    11
       Distracted        |       |       |       |     1 ||     1
       Held in net/web   |       |       |       |     1 ||     1
Armor: Robe              |    41 |    76 |    40 |    59 ||   216
       Steam dragon scal |       |       |    62 |       ||    62
Dodge: Dodged            |    55 |    99 |   189 |    96 ||   439
       Repelled          |       |       |       |     3 ||     3

Table legend: (Time is in decaauts)
 A = Elapsed time spent in this place.
 B = Non-inter-level travel time spent in this place.
 C = Inter-level travel time spent in this place.
 D = Time resting spent in this place.
 E = Time spent auto-exploring this place.
 F = Levels seen in this place.
 G = Mean time per level.
                   A        B        C        D        E       F      G
               +--------+--------+--------+--------+--------+-----+--------+
         Total |  10013 |   9405 |    608 |   1112 |   6075 |  14 |  715.2 |
       Dungeon |   8781 |   8226 |    555 |    906 |   5708 |  10 |  878.1 |
        Temple |    226 |    174 |     52 |      0 |    151 |   1 |  226.0 |
         Abyss |    468 |    468 |      0 |    187 |     31 |   1 |  468.0 |
         Sewer |    331 |    331 |      0 |     15 |    126 |   1 |  331.0 |
       Ossuary |    206 |    206 |      0 |      4 |     59 |   1 |  206.0 |
               +--------+--------+--------+--------+--------+-----+--------+

Top non-repeatable levels by time:
     D:8: 1464 daAuts
     D:7: 1333 daAuts
     D:1: 1214 daAuts
     D:5: 1053 daAuts
     D:6: 927 daAuts
     D:4: 779 daAuts
     D:3: 749 daAuts
     D:2: 568 daAuts
     D:9: 524 daAuts
 Abyss:1: 468 daAuts
   Sewer: 331 daAuts
  Temple: 226 daAuts
 Ossuary: 206 daAuts
    D:10: 165 daAuts
